 Dungeon Crawl Stone Soup version 0.21-a0-440-g28109cb (webtiles) character file.

33 gmonis the Chopper (level 3, -2/31 HPs)
             Began as a Minotaur Fighter on Nov 11, 2017.
             Slain by JackS81's ghost (6 damage)
             ... on level 3 of the Dungeon.
             The game lasted 00:07:15 (1303 turns).

gmonis the Chopper (Minotaur Fighter)               Turns: 1303, Time: 00:07:15

Health: -2/31      AC:  6    Str: 21    XL:     3   Next: 12%
Magic:  2/2        EV:  7    Int:  5    God:
Gold:   52         SH:  9    Dex:  9    Spells: 2/2 levels left

rFire    . . .     SeeInvis .   a - +0 war axe
rCold    . . .     Gourm    .   c - +0 shield
rNeg     . . .     Faith    .   b - +0 scale mail
rPois    .         Spirit   .   (helmet restricted)
rElec    .         Reflect  .   (no cloak)
rCorr    .         Harm     .   (no gloves)
MR       .....                  (no boots)
Stlth    ..........             (no amulet)
HPRegen  0.10/turn              (no ring)
MPRegen  0.08/turn              (no ring)

@: no status effects
A: retaliatory headbutt, horns 2
a: no special abilities


You were on level 3 of the Dungeon.
You were not hungry.

You visited 1 branch of the dungeon, and saw 3 of its levels.

You collected 52 gold pieces.

Inventory:

Hand Weapons
 a - a +0 war axe (weapon)
 m - a +0 hunting sling
Armour
 b - a +0 scale mail (worn)
 c - a +0 shield (worn)
Jewellery
 i - an uncursed ring of protection from magic {unknown}
Scrolls
 e - a scroll of amnesia {unknown}
 h - 3 scrolls of enchant armour {unknown}
 o - a scroll of recharging {unknown}
Potions
 d - a potion of might
 j - 3 potions of mutation {unknown}
 k - a potion of haste {unknown}
 n - a potion of heal wounds {unknown}
 p - a potion of brilliance {unknown}
Comestibles
 f - 2 bread rations
 g - 2 meat rations
 l - 4 fruits
 q - 3 chunks of flesh


   Skills:
 - Level 3.6 Fighting
 + Level 4.4 Axes
 - Level 3.6 Armour
 - Level 3.6 Shields


You had 2 spell levels left.
You didn't know any spells.

Dungeon Overview and Level Annotations

Branches:
Dungeon (3/15)

Altars:

Annotations:
D:3 JackS81's ghost, amateur GnWn


Innate Abilities, Weirdness & Mutations

You reflexively headbutt those who attack you in melee.
You have a pair of horns on your head.


Message History

JackS81's ghost hits you.
You closely miss JackS81's ghost.
JackS81's ghost is severely damaged.
JackS81's ghost hits you.
You closely miss JackS81's ghost. Your headbutt misses JackS81's ghost.
JackS81's ghost is severely damaged.
You block JackS81's ghost's attack. JackS81's ghost hits you.
You hit JackS81's ghost. You headbutt JackS81's ghost.
JackS81's ghost is almost destroyed.
JackS81's ghost hits you!
* * * LOW HITPOINT WARNING * * *
You slash JackS81's ghost!
JackS81's ghost is almost destroyed.
JackS81's ghost hits you.
* * * LOW HITPOINT WARNING * * *
You miss JackS81's ghost.
JackS81's ghost is almost destroyed.
JackS81's ghost hits you but does no damage.
JackS81's ghost hits you.
You die...

#.. #.#
#######.######.
......!........
##<##
##...#####.#
#..%.......#
##...#######
##@## #W# #.#
#'# ... ... ...
.....


You could see JackS81's ghost.

Vanquished Creatures
  An adder (D:2)
  A leopard gecko (D:1)
  A giant cockroach (D:1)
  4 goblins
  2 hobgoblins (D:1)
  A bat (D:1)
  6 frilled lizards
  5 kobolds (D:1)
  5 rats
26 creatures vanquished.

Notes
Turn   | Place    | Note
-------+----------+-------------------------------------------
     0 | D:1      | gmonis the Minotaur Fighter began the quest for the Orb.
     0 | D:1      | Reached XP level 1. HP: 19/19 MP: 0/0
   195 | D:1      | Reached skill level 3 in Axes
   209 | D:1      | Reached XP level 2. HP: 26/26 MP: 1/1
   806 | D:2      | Reached skill level 4 in Axes
   960 | D:1      | Reached XP level 3. HP: 31/31 MP: 2/2
  1283 | D:3      | Noticed JackS81's ghost (amateur GnWn)
  1303 | D:3      | Slain by JackS81's ghost

Vault maps used:
D:1:      dpeg_arrival_tiny_c
D:2:      serial_park_tiny_1, st_stairs_2, uniq_jessica
D:3:      minitemple, first_bread

Skill      XL: |  1  2 |
---------------+-------+-----
Axes           | 3 4 |  4.4
Fighting       | |  3.6
Armour         | |  3.6
Shields        | |  3.6

Action                   || total
-------------------------++-------
Melee: War axe           ||    81
       Headbutt          ||    10
  Eat: Chunk             ||     1
Armor: Scale mail        ||    28
Dodge: Dodged            ||    29
Block: Shield            ||    35

Table legend:
 A = Spawn XP
 B = Non-spawn XP
 C = Spawn XP percentage of total XP
 D = Spawn monster count
 E = Non-spawn monster count
 F = Spawn count percentage of total count
 G = Total turns spent on level
                    A         B        C        D         E        F      G
               +---------+---------+-------+---------+---------+-------+---------
         Total |       0 |      48 |   0.0 |       0 |      26 |   0.0 |  1303
               +---------+---------+-------+---------+---------+-------+---------
           D:1 |       0 |      26 |   0.0 |       0 |      18 |   0.0 |  1043
           D:2 |       0 |      21 |   0.0 |       0 |       7 |   0.0 |   231
           D:3 |       0 |       1 |   0.0 |       0 |       1 |   0.0 |    29
               +---------+---------+-------+---------+---------+-------+---------
